 Dungeon Crawl Stone Soup version 0.19-a0-1071-g4ed3155 (webtiles) character file.

2154 Charly the Basher (level 9, 0/84 HPs)
             Began as a Kobold Berserker on Aug 5, 2016.
             Was a Believer of Trog.
             Slain by an orc warrior
             ... wielding a +0 halberd
              (9 damage)
             ... in a bailey.
             The game lasted 00:21:53 (1752 turns).

Charly the Basher (Kobold Berserker)                Turns: 1752, Time: 00:21:53

Health: 0/84       AC: 24    Str: 16    XL:     9   Next: 56%
Magic:  0/9        EV:  3    Int:  5    God:    Trog [**....]
Gold:   261        SH:  0    Dex: 18    Spells: 0 memorised, 8 levels left

rFire  . . .     SeeInvis .     a - +2 whip (vamp)
rCold  . . .     Gourm    .     (armour currently unavailable)
rNeg   + + +     Faith    .     (shield restricted)
rPois  +         Spirit   +     (helmet currently unavailable)
rElec  .         Dismiss  .     (cloak currently unavailable)
rCorr  .         Reflect  .     (gloves currently unavailable)
SustAt .         Harm     .     (boots currently unavailable)
MR     ++...     NoTele   +     s - amulet of guardian spirit
Stlth  ++........               (no ring)
                                k - +1 ring of slaying

@: tree-form, regenerating
A: carnivore 3
a: Berserk, Trog's Hand, Burn Spellbooks, Renounce Religion


You were in a bailey.
You worshipped Trog.
Trog was pleased with you.
You were not hungry.
You were a tree.
You visited 1 branch of the dungeon, and saw 12 of its levels.
You also visited: Bailey.

You collected 261 gold pieces.

Inventory:

Hand Weapons
 a - a +2 vampiric whip (weapon)
 b - a +0 morningstar
 w - a +0 blowgun
Armour
 j - a +0 chain mail
 n - a +0 helmet (melded)
 o - a +0 cloak (melded)
 x - a +0 plate armour (melded)
Jewellery
 k - a +1 ring of slaying (left branch)
 s - an amulet of guardian spirit (around neck)
Scrolls
 e - a scroll of teleportation
 f - 2 scrolls of remove curse
 g - 3 scrolls of fog {unknown}
 h - a scroll of immolation {unknown}
 i - 3 scrolls of amnesia {unknown}
 l - a scroll of identify {unknown}
 m - 2 scrolls of magic mapping {unknown}
 r - a scroll of enchant armour {unknown}
 t - 3 scrolls of fear {unknown}
Potions
 d - a potion of lignification
 q - 2 potions of curing {unknown}
 u - a potion of mutation {unknown}
 v - a potion of brilliance {unknown}
Books
 p - a book of Battle

   Spells                             Type                      Level
   a - Infusion                       Charms                       1
   b - Shroud of Golubria             Charms/Translocation         2
   c - Song of Slaying                Charms                       2
   d - Spectral Weapon                Hexes/Charms                 3
   e - Regeneration                   Charms/Necromancy            3
   Trog disapproves of the use of such an item.
Comestibles
 c - a meat ration


   Skills:
 + Level 6.4 Fighting
 + Level 8.8 Maces & Flails
 + Level 4.4 Armour
 + Level 6.4 Dodging


You had 8 spell levels left.
You didn't know any spells.

Dungeon Overview and Level Annotations

Branches:
Dungeon (12/15)
 Temple: D:4-7         Lair: D:8-11         Orc: D:9-12

Altars:
Fedhas
Nemelex Xobeh
Qazlal
Ru
Uskayaw
The Shining One


Innate Abilities, Weirdness & Mutations

You are small and have problems with some larger weapons.
You are carnivorous and can eat meat at any time.


Message History

The orc warrior is heavily wounded.
The orc warrior hits you but does no damage.
The orc warrior hits you from afar with a halberd.
* * * LOW HITPOINT WARNING * * *
The orc barely misses you. The orc hits you but does no damage. x2
You barely miss the orc warrior.
The orc warrior is heavily wounded.
The orc hits you but does no damage.
The orc warrior hits you but does no damage.
You barely miss the orc warrior.
The orc warrior is heavily wounded.
The orc warrior hits you from afar with a halberd!
* * * LOW HITPOINT WARNING * * *
The orc hits you but does no damage. x2
You hit the orc warrior.
You feel better.
The orc warrior is severely wounded.
The orc hits you but does no damage. The orc warrior barely misses you.
The orc hits you but does no damage.
The orc warrior hits you from afar with a halberd!
You die...

≈≈≈≈≈≈≈≈≈≈≈≈≈≈≈
≈≈≈≈≈≈≈oo.....≈
≈≈≈≈≈.c≈≈≈≈≈≈≈.
≈≈≈..≈≈≈.....≈≈
≈≈.≈≈≈.........
≈≈.≈...o.......
≈.≈≈.⌠.........
≈c≈..oo♣.o.....
.≈≈..o.≈≈≈≈≈≈≈.
##...≈≈≈≈≈≈≈≈≈≈
....≈≈≈≈≈≈≈≈≈≈≈
....≈≈≈≈≈?}|≈≈≈
....≈≈≈≈≈≈≈≈≈≈≈
##...≈≈≈≈≈≈≈≈≈≈
≈≈....≈≈≈≈≈≈≈o


You could see 4 orc warriors, 2 centaurs and 4 orcs.

Vanquished Creatures
  A wyvern (D:9)
  A hippogriff (D:10)
  An orc warrior (D:11)
  3 ice beasts
  A necrophage (D:8)
  2 ogres (D:8)
  A big kobold (D:10)
  A giant frog (D:6)
  A scorpion (D:5)
  12 killer bees
  2 howler monkeys
  A crimson imp (D:8)
  A quasit (D:8)
  2 orc priests (D:4)
  A centaur skeleton (D:7)
  A giant frog skeleton (D:6)
  3 orc wizards
  2 iguanas
  2 worker ants
  2 hound skeletons
  4 adders
  An ooze (D:1)
  A worm (D:2)
  2 dart slugs
  A giant gecko (D:4)
  15 orcs
  3 giant cockroaches
  3 goblins
  3 hobgoblins
  A jackal (D:5)
  A quokka (D:4)
  6 bats
  2 giant newts
  3 goblin skeletons (D:8)
  A goblin zombie (D:8)
  5 hobgoblin zombies (D:8)
  A jackal skeleton (D:9)
  5 kobolds
  A kobold skeleton (D:8)
  A kobold zombie (D:8)
  An orc zombie (D:8)
  3 rats (D:1)
105 creatures vanquished.

Notes
Turn   | Place    | Note
-------+----------+-------------------------------------------
     0 | D:1      | Charly the Kobold Berserker began the quest for the Orb.
     0 | D:1      | Reached XP level 1. HP: 14/14 MP: 1/1
    65 | D:1      | Reached XP level 2. HP: 19/19 MP: 2/2
   185 | D:1      | Reached ** piety under Trog
   185 | D:1      | Reached skill level 4 in Maces & Flails
   185 | D:1      | Reached XP level 3. HP: 5/23 MP: 3/3
   415 | D:4      | Reached XP level 4. HP: 28/28 MP: 4/4
   468 | D:4      | Reached skill level 5 in Maces & Flails
   468 | D:4      | Reached XP level 5. HP: 32/32 MP: 5/5
   547 | D:4      | Found a hide-covered altar of Uskayaw.
   547 | D:4      | Found a sacrificial altar of Ru.
   556 | D:5      | Entered Level 5 of the Dungeon
   568 | D:5      | Reached skill level 6 in Maces & Flails
   632 | D:5      | Reached XP level 6. HP: 37/37 MP: 6/6
   650 | D:6      | Noticed an ogre
   694 | D:6      | Reached skill level 7 in Maces & Flails
   758 | D:7      | Found a sparkling altar of Nemelex Xobeh.
   769 | D:7      | Reached XP level 7. HP: 41/41 MP: 7/7
   798 | D:6      | Found a blossoming altar of Fedhas.
  1007 | D:7      | Reached XP level 8. HP: 45/48 MP: 8/8
  1111 | D:8      | Found a glowing golden altar of the Shining One.
  1140 | D:8      | Reached skill level 5 in Fighting
  1187 | D:8      | Reached skill level 8 in Maces & Flails
  1263 | D:8      | Reached skill level 5 in Dodging
  1303 | D:8      | HP: 3/75 [necrophage (3)]
  1308 | D:8      | Reached XP level 9. HP: 5/55 MP: 9/9
  1437 | D:10     | Entered Level 10 of the Dungeon
  1507 | D:10     | Found a stormy altar of Qazlal.
  1708 | D:12     | Found a flagged portal.
  1713 | D:12     | Noticed an eight-headed hydra
  1716 | Bailey   | Entered a bailey
  1752 | Bailey   | Slain by an orc warrior

Vault maps used:
D:1:      grunt_arrival_lava_bath, minmay_tromino_i2
D:2:      kennysheep_slug_shrine, johnstein_pakellas_dig, first_bread
D:3:      grunt_temple_overflow_champion_of_chaos, kennysheep_generic_room_4
D:4:      kennysheep_big_flooded_room, gammafunk_temple_overflow_elements,
          hangedman_abyss_or_decor_passed
D:6:      lemuel_crystal_altar, portal_sewer_entry_b, uniq_menkaure,
          uniq_duvessa
D:7:      nemelex_xobeh_ov_fountains_minmay, basic_altar
D:8:      nicolae_tso_besieged_by_evil
D:10:     serial_shops, nicolae_shop_statue_plus, roderic_serpentine_path,
          hangedman_ranch, minivault_23, nicolae_qazlal_style_of_elements
D:11:     david_lair_shrubbed, serial_bayou, serial_bayou_crossing,
          serial_bayou_lake_a, serial_bayou_lagoon_b, serial_bayou_lagoon_a
D:12:     david_orc_2, enter_bailey_2, roderic_batcave, uniq_gastronok,
          uniq_nergalle, uniq_snorg, uniq_psyche
Bailey:   bailey_polearm_flooded_kennysheep, bailey

Skill      XL: |  1  2  3  4  5  6  7  8  9 |
---------------+----------------------------+-----
Maces & Flails | 4 5 6 7 8 |  8.8
Armour         | 2 3 4 |  4.4
Dodging        | 3 5 6 |  6.4
Fighting       | 4 5 6 |  6.4

Action                   |  1- 3 |  4- 6 |  7- 9 || total
-------------------------+-------+-------+-------++-------
Melee: Mace              |    92 |    73 |     5 ||   170
       Whip              |       |       |   293 ||   293
Invok: Berserk           |     5 |     5 |     8 ||    18
       Trog's Hand       |     1 |     4 |    10 ||    15
  Use: Scroll            |       |       |     3 ||     3
       Potion            |       |       |     2 ||     2
 Stab: Sleeping          |     1 |       |       ||     1
  Eat: Chunk             |     2 |    13 |     3 ||    18
       Beef jerky        |     1 |       |     1 ||     2
       Meat ration       |       |       |     2 ||     2
Armor: Animal skin       |    12 |       |       ||    12
       Chain mail        |    16 |    35 |   114 ||   165
       Skin              |       |       |    45 ||    45
       Plate armour      |       |       |    13 ||    13
Dodge: Dodged            |    89 |    33 |   202 ||   324
